 Dungeon Crawl Stone Soup version 0.22-a0-298-g92d99f3 (webtiles) character file.

88944 b5mith the Fencer (level 15, -9/141 HPs)
             Began as a Minotaur Berserker on Mar 25, 2018.
             Was the Champion of Trog.
             Shot with an arrow by a deep elf archer (15 damage)
             ... on level 2 of the Elven Halls.
             The game lasted 01:34:06 (23464 turns).

b5mith the Fencer (Minotaur Berserker)             Turns: 23464, Time: 01:34:08

Health: -9/141     AC: 27    Str: 31    XL:     15   Next: 48%
Magic:  0/14       EV: 12    Int:  6    God:    Trog [******]
Gold:   1510       SH:  5    Dex: 12    Spells: 14/14 levels left

rFire    + . .     SeeInvis .   a - +5 great sword (freeze)
rCold    . . .     Gourm    .   (shield currently unavailable)
rNeg     . . .     Faith    .   H - +7 plate armour {rF+}
rPois    .         Spirit   +   u - +2 hat
rElec    +         Reflect  +   S - scarf {Spirit}
rCorr    .         Harm     .   t - +2 pair of gloves
MR       +....                  L - +0 pair of boots
Stlth    ..........             X - +5 amulet of reflection
HPRegen  0.33/turn              v - +2 ring of dexterity
MPRegen  0.14/turn              e - +3 ring of strength

@: about to teleport, berserk cooldown, slowed, very heavily drained, very slow
A: retaliatory headbutt, horns 2, clever 1, deterioration 1, electricity
resistance
a: Berserk, Trog's Hand, Brothers in Arms, Renounce Religion


You were on level 2 of the Elven Halls.
You worshipped Trog.
Trog was exalted by your worship.
You were very hungry.

You visited 4 branches of the dungeon, and saw 22 of its levels.
You also visited: Ossuary.

You collected 2186 gold pieces.
You spent 676 gold pieces at shops.

Inventory:

Hand Weapons
 a - a +5 great sword of freezing (weapon)
 b - the +1 hunting sling "Wuffoac" {velocity, +Blink rN+ MR- Str+2}
   (You found it on level 4 of the Lair of Beasts)

   Any stone fired from it inflicts extra damage.
   It affects your strength (+2).
   It protects you from negative energy.
   It affects your resistance to hostile enchantments.
   It lets you blink.
 V - a +3 great sword of slicing
Missiles
 p - 41 sling bullets
Armour
 r - a +1 cloak of poison resistance
 t - a +2 pair of gloves (worn)
 u - a +2 hat (worn)
 H - a +7 plate armour of fire resistance (worn)
 L - a +0 pair of boots (worn)
 S - a scarf of spirit shield (worn)
Jewellery
 e - a +3 ring of strength (right hand)
 i - an uncursed amulet of the acrobat
 o - an uncursed ring of ice
 v - a +2 ring of dexterity (left hand)
 x - an uncursed amulet of the acrobat
 I - an uncursed ring of stealth
 P - an uncursed amulet of guardian spirit
 T - an uncursed amulet of harm
 U - an uncursed ring of protection from fire
 X - a +5 amulet of reflection (around neck)
Wands
 g - a wand of flame (85)
 q - a wand of disintegration (9)
 J - a wand of iceblast (30)
 M - a wand of acid (8)
 Q - a wand of polymorph (15)
Scrolls
 d - 2 scrolls of enchant weapon {unknown}
 h - 5 scrolls of fear
 k - a scroll of blinking
 l - a scroll of summoning {unknown}
 m - 4 scrolls of remove curse {@r2}
 s - 2 scrolls of identify {@r1}
 w - a scroll of magic mapping
 y - a scroll of immolation
 z - a scroll of holy word
 G - 3 scrolls of fog
 K - a scroll of acquirement
 N - 10 scrolls of teleportation
 R - a scroll of silence {unknown}
Potions
 f - a potion of ambrosia {unknown}
 j - 3 potions of agility
 n - 6 potions of curing {@q1}
 B - 3 potions of magic
 C - 3 potions of flight
 D - a potion of berserk rage
 E - a potion of resistance
 F - a potion of invisibility
 O - a potion of haste {unknown}
 W - a potion of might {unknown}
 Y - a potion of cancellation {unknown}
 Z - a potion of brilliance
Comestibles
 c - 21 rations
 A - a chunk of flesh


   Skills:
 + Level 15.5(9.0) Fighting
 * Level 18.4(11.5) Long Blades
 + Level 15.4(8.9) Armour
 + Level 14.2(7.9) Dodging


You had 14 spell levels left.
You didn't know any spells.

Dungeon Overview and Level Annotations

Branches:
Dungeon (12/15)            Temple (0/1) D:7            Lair (6/6) D:8
  Swamp (0/4) Lair:4       Spider (0/4) Lair:4        Slime (0/5) Lair:6
    Orc (2/2) D:9             Elf (2/3) Orc:2

Altars:
Ashenzari
Cheibriados
Dithmenos
Elyvilon
Fedhas
Hepliaklqana
Qazlal
Trog
Uskayaw
Vehumet
Wu Jian
Yredelemnul
The Shining One
Beogh
Jiyva

Shops:
D:8 [   Orc:1 ?   Orc:2 %[*:   Elf:2 }


Innate Abilities, Weirdness & Mutations

You reflexively headbutt those who attack you in melee.
You have a pair of horns on your head.
Your mind is acute. (Int +2)
Your body sometimes deteriorates upon taking damage.
You are resistant to electric shocks. (rElec)


Message History

The flail of draining hits you but does no damage.
You feel drained.
As you read the scroll of teleportation, it crumbles to dust.
You feel strangely unstable.
The dire flail of crushing completely misses you.
The flail of draining closely misses you.
You riposte.
You miss the flail of draining.
You headbutt the flail of draining, but do no damage.
The dire flail of crushing hits you.
* * * LOW HITPOINT WARNING * * *
x2 The flail of draining hits you but does no damage.
You feel drained.
The deep elf archer gestures at you while chanting.
You resist with some effort. The flail of draining hits you!
* * * LOW HITPOINT WARNING * * *
You feel drained.
* * * LOW HITPOINT WARNING * * *
The dire flail of crushing hits you but does no damage.
The deep elf archer shoots an arrow.
The arrow hits you!
You die...

.......#...#.....#...#
#
####..)#...#..)..#...#
...#.).'...#..(..#..>#
...#...#..(#....)#...#
.).#...#...#..)e.#..|#
'###...#...#....[#...#
.......#...#.....#(..#
.......#...#...(.'...#
.......#...#...(@#...#
########...##e####...#
..ยง. ... ..... ..
...... ..[... ......


You could see a deep elf archer, a deep elf mage (wandering) and 2 dancing
weapons.

Vanquished Creatures
  Rupert (Lair:6)
  A deep elf death mage (Elf:2)
  5 hydras
  A catoblepas (Lair:5)
  A two-headed ogre (D:11)
  11 death yaks
  3 dancing weapons
  Nergalle (D:11)
  Urug (Lair:2)
  8 deep elf knights
  An unseen horror (D:11)
  9 deep elf archers
  3 orc sorcerers
  9 orc knights
  An orb spider (Lair:4)
  23 deep elf magi
  4 oklob plants (Lair:6)
  A cyclops (Orc:1)
  9 elephants
  6 black mambas
  Maurice (D:8)
  2 rime drakes (Lair:6)
  25 spiny frogs
  8 komodo dragons
  2 ice devils (Lair:4)
  4 trolls
  A merfolk (D:11)
  4 dream sheep (Lair:6)
  4 polar bears
  17 blink frogs
  4 tyrant leeches (Lair:6)
  A hornet (D:8)
  9 hippogriffs
  2 water elementals (Elf:1)
  A spriggan (Lair:5)
  2 air elementals
  2 wyverns
  20 yaks
  2 hungry ghosts
  A basilisk (Lair:6)
  A fire elemental (Elf:2)
  6 vampire mosquitoes (Lair:6)
  10 wargs (Orc:2)
  A two-headed ogre zombie (D:9)
  Duvessa (D:7)
  6 porcupines
  7 water moccasins
  A phantom (D:9)
  An ice beast (D:11)
  A black bear (D:9)
  33 orc warriors
  2 sky beasts (D:11)
  2 eyes of draining
  A necrophage (D:11)
  4 wolves (Lair:6)
  11 ogres
  10 centaurs
  13 crocodiles
  An elf zombie (Ossuary)
  32 bullfrogs
  A gnoll sergeant (D:8)
  A wyvern zombie (D:10)
  Dowan (D:7)
  2 earth elementals (Elf:1)
  7 scorpions
  A water moccasin skeleton (D:11)
  18 wights
  8 killer bees (D:11)
  2 electric eels
  3 howler monkeys (D:9)
  6 crimson imps
  A lava snake (Lair:6)
  2 centaur zombies
  A quasit (D:11)
  A hound (D:8)
  2 human zombies (Ossuary)
  7 jellies
  4 bullfrog skeletons
  2 centaur skeletons
  12 orc priests
  Crazy Yiuf (D:4)
  4 iguanas
  6 hell rats (Lair:3)
  6 worker ants
  14 orc wizards
  A killer bee zombie (D:7)
  3 big kobold zombies (Ossuary)
  7 ogre zombies (D:9)
  A hound zombie (Ossuary)
  4 mummies
  A worker ant zombie (D:7)
  10 gnolls
  12 river rats (Lair:3)
  14 adders
  A shadow imp (D:11)
  7 oozes
  4 adder zombies (Ossuary)
  An adder skeleton (D:4)
  2 worms
  2 dart slugs
  5 leopard geckos
  81 orcs
  3 ball pythons
  A bat (D:1)
  7 giant cockroaches
  10 goblins
  10 hobgoblins
  2 jackals (D:1)
  12 quokkas
  4 frilled lizards
  7 goblin zombies
  A hobgoblin skeleton (D:9)
  8 hobgoblin zombies
  4 jackal zombies (Ossuary)
  10 kobolds
  2 kobold zombies
  4 orc skeletons (D:9)
  14 orc zombies
  A quokka skeleton (D:4)
  2 quokka zombies (Ossuary)
  21 rats
  3 rat zombies (Ossuary)
  A fungus (Lair:6)
751 creatures vanquished.

Vanquished Creatures (others)
  A deep elf archer (Elf:1)
  A deep elf mage (Elf:1)
  3 bushes (Lair:6)
  20 fungi
  80 plants (Lair:6)
105 creatures vanquished.

Grand Total: 856 creatures vanquished

Notes
Turn   | Place    | Note
-------+----------+-------------------------------------------
     0 | D:1      | b5mith the Minotaur Berserker began the quest for the Orb.
     0 | D:1      | Reached XP level 1. HP: 19/19 MP: 0/0
   362 | D:1      | Reached XP level 2. HP: 19/27 MP: 1/1
   545 | D:1      | Reached skill level 4 in Long Blades
   959 | D:1      | Reached XP level 3. HP: 25/33 MP: 2/2
  1400 | D:2      | Reached XP level 4. HP: 26/41 MP: 3/3
  1654 | D:2      | Reached ** piety under Trog
  1850 | D:2      | Found a shadowy altar of Dithmenos.
  2372 | D:3      | Reached XP level 5. HP: 47/47 MP: 4/4
  2545 | D:3      | Found a hide-covered altar of Uskayaw.
  2775 | D:3      | Reached skill level 5 in Long Blades
  2834 | D:3      | Reached skill level 5 in Fighting
  3244 | D:4      | Reached XP level 6. HP: 56/56 MP: 5/5
  3631 | D:4      | Reached *** piety under Trog
  3635 | D:4      | Reached skill level 5 in Armour
  3770 | D:4      | Found a runed door.
  4033 | D:4      | Noticed Crazy Yiuf
  4035 | D:4      | Killed Crazy Yiuf
  4035 | D:4      | Reached XP level 7. HP: 62/62 MP: 6/6
  4098 | D:5      | Entered Level 5 of the Dungeon
  4104 | D:5      | Found an ornate altar of the Wu Jian Council.
  4107 | D:5      | Found a bloodstained altar of Trog.
  4108 | D:5      | Found a stormy altar of Qazlal.
  4136 | D:5      | Reached skill level 6 in Long Blades
  4219 | D:5      | Found a snail-covered altar of Cheibriados.
  4296 | D:5      | Reached skill level 5 in Dodging
  4942 | D:6      | Found a sand-covered staircase.
  4948 | D:6      | Reached XP level 8. HP: 71/71 MP: 7/7
  4952 | Ossuary  | Entered an ossuary
  4965 | Ossuary  | Reached **** piety under Trog
  5127 | Ossuary  | Reached skill level 7 in Long Blades
  5274 | D:6      | Noticed a hippogriff
  5287 | D:6      | Killed a hippogriff
  5580 | D:6      | Found a snail-covered altar of Cheibriados.
  5605 | D:6      | Reached ***** piety under Trog
  6023 | D:7      | Reached skill level 8 in Long Blades
  6023 | D:7      | Reached XP level 9. HP: 81/81 MP: 8/8
  6210 | D:7      | Noticed Duvessa
  6212 | D:7      | Found a staircase to the Ecumenical Temple.
  6212 | D:7      | Noticed Dowan
  6219 | D:7      | Killed Duvessa
  6220 | D:7      | Killed Dowan
  6452 | D:7      | Found a glowing golden altar of the Shining One.
  6529 | D:8      | Found a staircase to the Lair.
  6545 | D:8      | Found Heopit's Armour Shop.
  6591 | D:8      | Found a shattered altar of Ashenzari.
  6609 | D:8      | Found a white marble altar of Elyvilon.
  7058 | D:8      | Reached skill level 9 in Long Blades
  7094 | D:8      | Found a basalt altar of Yredelemnul.
  7154 | D:8      | Noticed Maurice
  7170 | D:8      | Killed Maurice
  7265 | D:8      | Paralysed by a hornet for 1 turns
  7266 | D:8      | Reached XP level 10. HP: 76/91 MP: 7/9
  7719 | D:9      | Found a staircase to the Orcish Mines.
  8099 | D:9      | Found a blossoming altar of Fedhas.
  8105 | D:9      | Found a radiant altar of Vehumet.
  8272 | D:9      | Reached skill level 10 in Long Blades
  8394 | D:9      | Reached skill level 10 in Fighting
  8565 | D:9      | Received a gift from Trog
  8693 | D:9      | Found the +6 lightning scales {run, rElec}
  8725 | D:9      | Found a hazy altar of Hepliaklqana.
  8805 | D:9      | Reached skill level 10 in Armour
  8927 | D:10     | Entered Level 10 of the Dungeon
 10038 | D:11     | Reached XP level 11. HP: 101/101 MP: 10/10
 10098 | D:11     | Reached ****** piety under Trog
 10111 | D:11     | Noticed a two-headed ogre
 10118 | D:11     | Killed a two-headed ogre
 10118 | D:11     | Received a gift from Trog
 10118 | D:11     | Reached skill level 11 in Long Blades
 10147 | D:11     | Noticed Nergalle
 10234 | D:11     | Killed Nergalle
 10234 | D:11     | Reached skill level 10 in Dodging
 10505 | D:11     | Gained mutation: Your body sometimes deteriorates upon taking damage. [potion of mutation]
 10505 | D:11     | Gained mutation: You are resistant to electric shocks. (rElec) [potion of mutation]
 10505 | D:11     | Gained mutation: Your mind is acute. (Int +2) [potion of mutation]
 10591 | D:11     | Killed an unseen horror
 11052 | Lair:1   | Entered Level 1 of the Lair of Beasts
 11858 | Lair:2   | Reached skill level 12 in Long Blades
 11939 | Lair:2   | Noticed Urug
 11953 | Lair:2   | Killed Urug
 11953 | Lair:2   | Reached XP level 12. HP: 57/112 MP: 11/11
 12169 | Lair:2   | Noticed a five-headed hydra
 12177 | Lair:2   | Killed a seven-headed hydra
 12869 | Lair:3   | Noticed a five-headed hydra
 12878 | Lair:3   | Killed a seven-headed hydra
 12878 | Lair:3   | Reached skill level 13 in Long Blades
 13360 | Lair:3   | Received a gift from Trog
 13987 | Lair:4   | Found a frozen archway.
 14076 | Lair:4   | Found a hole to the Spider Nest.
 14404 | Lair:4   | Noticed a death yak
 14407 | Lair:4   | Noticed a death yak
 14408 | Lair:4   | Noticed a death yak
 14410 | Lair:4   | Noticed a death yak
 14415 | Lair:4   | Killed a death yak
 14416 | Lair:4   | Noticed a death yak
 14418 | Lair:4   | Noticed a death yak
 14420 | Lair:4   | Killed a death yak
 14424 | Lair:4   | Killed a death yak
 14424 | Lair:4   | Reached skill level 14 in Long Blades
 14427 | Lair:4   | Killed a death yak
 14430 | Lair:4   | Killed a death yak
 14431 | Lair:4   | Killed a death yak
 14431 | Lair:4   | Reached XP level 13. HP: 52/122 MP: 3/12
 14681 | Lair:4   | Found a staircase to the Swamp.
 14735 | Lair:4   | Got an ichor-stained hunting sling
 14743 | Lair:4   | Identified the +1 hunting sling "Wuffoac" {velocity, +Blink rN+ MR- Str+2} (You found it on level 4 of the Lair of Beasts)
 16077 | Lair:6   | Entered Level 6 of the Lair of Beasts
 16266 | Lair:6   | Reached skill level 15 in Long Blades
 16309 | Lair:6   | Received a gift from Trog
 16955 | Lair:6   | Noticed Rupert
 16968 | Lair:6   | Killed Rupert
 17258 | Lair:6   | Reached skill level 16 in Long Blades
 17258 | Lair:6   | Reached XP level 14. HP: 107/132 MP: 10/13
 18777 | Lair:6   | Found a runed door.
 18777 | Lair:6   | Found a viscous altar of Jiyva.
 18777 | Lair:6   | Found a staircase to the Slime Pits.
 18782 | Lair:6   | Received a gift from Trog
 19264 | Orc:1    | Entered Level 1 of the Orcish Mines
 19391 | Orc:1    | Found Gyzeyfue's Magic Scroll Emporium.
 19404 | Orc:1    | Bought a scroll of acquirement for 676 gold pieces
 19460 | Orc:2    | Entered Level 2 of the Orcish Mines
 19473 | Orc:2    | Paralysed by an orc sorcerer for 7 turns
 19492 | Orc:2    | Found a staircase to the Elven Halls.
 19783 | Orc:2    | Reached skill level 17 in Long Blades
 20167 | Orc:2    | Found Satwioli's Book Emporium.
 20167 | Orc:2    | Found Woyqogoo's General Store.
 20296 | Orc:2    | Received a gift from Trog
 20327 | Orc:2    | Found Ycle's Food Boutique.
 20327 | Orc:2    | Found Quixkeol's Antique Armour Emporium.
 20495 | Orc:2    | Found a roughly hewn altar of Beogh.
 20768 | Elf:1    | Entered Level 1 of the Elven Halls
 20838 | Elf:1    | Reached skill level 15 in Fighting
 21271 | Elf:1    | Reached XP level 15. HP: 136/141 MP: 12/14
 21611 | Elf:1    | Reached skill level 15 in Armour
 22673 | Elf:1    | HP: 7/141 [drowned by a water elemental (14)]
 22674 | Elf:1    | Reached skill level 18 in Long Blades
 23207 | Elf:2    | Received a gift from Trog
 23422 | Elf:2    | Found Jawo's Gadget Emporium.
 23464 | Elf:2    | HP: 6/141 [flail of draining (6)]
 23464 | Elf:2    | Shot with an arrow by a deep elf archer

Vault maps used:
D:1:      dpeg_arrival_three_same_balls, kennysheep_pointless_box
D:2:      grunt_dithmenos_smoke_and_mirrors, first_ration
D:3:      eat_drink_and_be_merry_uskayaw, minmay_misc_feat_enclosed
D:4:      st_stairs_5, minmay_bent, uniq_crazy_yiuf_cottage
D:5:      grunt_temple_overflow_open, basic_altar
D:6:      kennysheep_mini_moat, nicolae_ossuary_entry_giza
D:7:      marbit_many_paths, minmay_temple_entry_butterflies, uniq_duvessa
D:8:      old_standard_altar, chequers_temple_overflow_statue_of_worship,
          dpeg_oklobed_lair, serial_shops, shop, uniq_maurice
D:9:      kennysheep_mini, minitemple, zombieorc2_lemuel
D:11:     hangedman_stone_soup, uniq_nergalle
D:12:     serial_shops, nicolae_shop_behind_doors
Lair:1:   grunt_forest_stairs_basic, beast_lair_carwin_9, lemuel_fruit_fields
Lair:2:   uniq_urug
Lair:3:   lemuel_ratsnest, minivault_25
Lair:4:   swamp_mist_pool, nicolae_spider_entry_orb_guardian,
          portal_ice_cave_demonic_guard, grunt_megastairs_2
Lair:5:   statuecave_lemuel, grunt_forest_large_clearing_hut,
          grunt_megastairs_3, infiniplex_staircase_pool
Lair:6:   minmay_lair_end_frog_pond, slime_altar_2, lemuel_fruit_fields,
          minmay_lair_oklob_chamber, uniq_rupert
Orc:1:    serial_shops, shop, nicolae_orc_damp_corner
Orc:2:    st_orc_town
Elf:1:    minmay_elf_arrival_circle, evilmike_minifort
Elf:2:    serial_shops, nicolae_shop_window_shopping, lemuel_elevator
Ossuary:  minmay_ossuary_two_tombs

Skill      XL: |  1  2  3  4  5  6  7  8  9 10 11 12 13 14 15 |
---------------+----------------------------------------------+-----
Fighting       | 4 5 6 7 9 10 12 13 14 15 | 15.5
Long Blades    | 4 5 6 8 9 10 12 14 16 17 18 | 18.4
Armour         | 3 4 5 6 7 9 10 11 12 13 14 15 | 15.4
Dodging        | 3 4 5 6 8 9 10 11 12 13 14 | 14.2

Action                   |  1- 3 |  4- 6 |  7- 9 | 10-12 | 13-15 || total
-------------------------+-------+-------+-------+-------+-------++-------
Melee: Falchion          |    80 |   130 |   232 |       |       ||   442
       Headbutt          |    17 |    32 |    84 |    82 |   124 ||   339
       Great sword       |       |       |    27 |   188 |   569 ||   784
       Long sword        |       |       |    11 |   138 |       ||   149
 Fire: Hunting sling     |       |    42 |   132 |   371 |   229 ||   774
Invok: Berserk           |       |       |     1 |     4 |    14 ||    19
Evoke: Wand              |       |       |       |       |     8 ||     8
  Use: Scroll            |       |       |    14 |     8 |    15 ||    37
       Potion            |       |       |       |     2 |     7 ||     9
 Stab: Sleeping          |       |       |     1 |       |       ||     1
  Eat: Chunk             |     2 |     8 |     4 |    19 |    25 ||    58
       Ration            |       |       |     2 |     2 |     5 ||     9
Armor: Animal skin       |    12 |     5 |       |       |       ||    17
       Ring mail         |       |    21 |    93 |   124 |    41 ||   279
       Plate armour      |       |       |       |       |   255 ||   255
Dodge: Dodged            |    39 |    77 |   148 |   279 |   389 ||   932
Block: Other             |       |       |       |       |    74 ||    74
       Reflection        |       |       |       |       |     9 ||     9
       Rpst.: Falchion   |     9 |    17 |    29 |       |       ||    55
       Great sword       |       |       |     5 |    45 |    86 ||   136
       Long sword        |       |       |     4 |    22 |       ||    26

Table legend:
 A = Spawn XP
 B = Non-spawn XP
 C = Spawn XP percentage of total XP
 D = Spawn monster count
 E = Non-spawn monster count
 F = Spawn count percentage of total count
 G = Total turns spent on level
                    A         B        C        D         E        F      G
               +---------+---------+-------+---------+---------+-------+---------
         Total |       0 |  127063 |   0.0 |       0 |     752 |   0.0 | 23464
               +---------+---------+-------+---------+---------+-------+---------
           D:1 |       0 |      51 |   0.0 |       0 |      30 |   0.0 |  1238
           D:2 |       0 |     132 |   0.0 |       0 |      24 |   0.0 |   916
           D:3 |       0 |     181 |   0.0 |       0 |      26 |   0.0 |  1063
           D:4 |       0 |     394 |   0.0 |       0 |      22 |   0.0 |   881
           D:5 |       0 |     515 |   0.0 |       0 |      15 |   0.0 |   497
           D:6 |       0 |     919 |   0.0 |       0 |      25 |   0.0 |   887
           D:7 |       0 |     992 |   0.0 |       0 |      18 |   0.0 |   723
           D:8 |       0 |    2249 |   0.0 |       0 |      23 |   0.0 |  1137
           D:9 |       0 |    3311 |   0.0 |       0 |      76 |   0.0 |  1473
          D:10 |       0 |     495 |   0.0 |       0 |      16 |   0.0 |   851
          D:11 |       0 |    5798 |   0.0 |       0 |      46 |   0.0 |  1167
        Lair:1 |       0 |    3872 |   0.0 |       0 |      17 |   0.0 |   802
        Lair:2 |       0 |    5704 |   0.0 |       0 |      13 |   0.0 |   927
        Lair:3 |       0 |    3770 |   0.0 |       0 |      49 |   0.0 |   954
        Lair:4 |       0 |   10144 |   0.0 |       0 |      24 |   0.0 |  1339
        Lair:5 |       0 |    5143 |   0.0 |       0 |      20 |   0.0 |  1689
        Lair:6 |       0 |   36166 |   0.0 |       0 |     109 |   0.0 |  2399
         Orc:1 |       0 |    1945 |   0.0 |       0 |      12 |   0.0 |   196
         Orc:2 |       0 |   13178 |   0.0 |       0 |     100 |   0.0 |  1308
         Elf:1 |       0 |   16032 |   0.0 |       0 |      29 |   0.0 |  2203
         Elf:2 |       0 |   15650 |   0.0 |       0 |      25 |   0.0 |   493
       Ossuary |       0 |     422 |   0.0 |       0 |      33 |   0.0 |   300
               +---------+---------+-------+---------+---------+-------+---------
